 Dungeon Crawl Stone Soup version 0.19-a0-1384-gbb462ca (webtiles) character file.

812 Amnesiac the Spear-Bearer (level 7, -1/57 HPs)
             Began as a Centaur Berserker on Sept 3, 2016.
             Was a Priest of Trog.
             Killed from afar by a white imp (9 damage)
             ... with a puff of frost
             ... summoned by Eustachio
             ... on level 4 of the Dungeon.
             The game lasted 00:05:23 (3839 turns).

Amnesiac the Spear-Bearer (Centaur Berserker)       Turns: 3839, Time: 00:05:23

Health: -1/57      AC:  4    Str: 20    XL:     7   Next: 61%
Magic:  16/16      EV: 10    Int: 10    God:    Trog [***...]
Gold:   136        SH:  0    Dex: 13    Spells: 0 memorised, 6 levels left

rFire  . . .     SeeInvis .     A - +2 scythe of Hepliaklqana {drain, +Blink Int+4 Dex+3}
rCold  . . .     Gourm    .     b - +0 animal skin
rNeg   . . .     Faith    .     (shield currently unavailable)
rPois  .         Spirit   .     x - +0 helmet
rElec  .         Dismiss  .     (no cloak)
rCorr  .         Reflect  .     y - -2 pair of gloves (curse)
MR     .....     Harm     .     (no barding)
Stlth  +.........               (no amulet)
                                (no ring)
                                s - ring of magical power

@: exhausted, slowed
A: hooves 3, deformed body, speed 2, tough skin 3
a: Berserk, Trog's Hand, Burn Spellbooks, Renounce Religion, Evoke Blink


You were on level 4 of the Dungeon.
You worshipped Trog.
Trog was most pleased with you.
You were very hungry.

You visited 1 branch of the dungeon, and saw 4 of its levels.

You collected 136 gold pieces.

Inventory:

Hand Weapons
 a - a +0 spear
 o - a +2 dagger of speed
 A - the +2 scythe of Hepliaklqana (weapon) {drain, +Blink Int+4 Dex+3}
   (You found it on level 4 of the Dungeon)

   A truly terrible weapon, it drains the life of those it strikes.
   It affects your intelligence (+4).
   It affects your dexterity (+3).
   It lets you blink.
Armour
 b - a +0 animal skin (worn)
 x - a +0 helmet (worn)
 y - a cursed -2 pair of gloves (worn)
Jewellery
 s - a ring of magical power (left hand)
Wands
 u - a wand of digging (8/24)
 v - a wand of polymorph (11/24)
Scrolls
 e - 3 scrolls of identify {unknown}
 g - 2 scrolls of amnesia {unknown}
 h - a scroll of enchant weapon {unknown}
 j - 2 scrolls of magic mapping {unknown}
 k - 3 scrolls of enchant armour {unknown}
 n - 3 scrolls of teleportation {unknown}
 p - a scroll of immolation {unknown}
 r - 5 scrolls of remove curse {unknown}
 D - a scroll of fear {unknown}
Potions
 f - 3 potions of curing {unknown}
 i - a potion of invisibility {unknown}
 l - 3 potions of degeneration {unknown}
 m - a potion of haste {unknown}
 q - a potion of flight {unknown}
 w - 2 potions of cancellation {unknown}
 z - a potion of lignification {unknown}
 C - a potion of heal wounds {unknown}
Comestibles
 c - 3 bread rations
 d - 3 beef jerkies
 B - a meat ration


   Skills:
 - Level 3.0 Fighting
 + Level 8.3 Polearms
 - Level 1.3 Armour
 - Level 1.3 Dodging


You had 6 spell levels left.
You didn't know any spells.

Dungeon Overview and Level Annotations

Branches:
Dungeon (4/15)
 Temple: D:4-7

Altars:
Nemelex Xobeh

Annotations:
D:4 Eustachio


Innate Abilities, Weirdness & Mutations

You have hooves in place of feet.
Armour fits poorly on your strangely shaped body.
You cover ground very quickly.
You have extremely tough skin. (AC +3)


Message History

You feel yourself slow down.
You are feeling very hungry.
Unknown command.
Eustachio mumbles some strange words.
Eustachio blinks!
Eustachio gestures wildly while chanting.
Eustachio casts a spell.
You see here a silver tomahawk.
The crimson imp blinks!
The shadow imp shouts!
Eustachio seems less drained.
The crimson imp disappears in a puff of smoke!
The white imp picks up a beetle and eats it.
The white imp gestures at you. The puff of frost hits you!
* * * LOW HITPOINT WARNING * * *
The white imp summons a swarm of flies.
The white imp gestures at you. The puff of frost hits you!
You die...

# #.########(..#....##.# #
#.##......5..# ...##.# #
#.##......(5## ..##.# ######.
#.##......5@# . ###.# .......
#.##....((..###.. #.#
##########.##......ยง....#.###.#
# #.......##...........#..##.###
# #.............##.....##.##.)..
#......######@##.....##.##....
####......'....#.##.....##.##....
..........####.#.##.....##.##.###
..####+#.## #.#.#...............
#..# #.#.# #.#.#.#######.##....
#..###.#.# #.#<#.# #.##..).
#........# ###'###.# #.##....
#..###.### #.......# #..#....
#....#.# #......## ##.#....


You could see Eustachio, an iron imp, a white imp and a shadow imp.

Vanquished Creatures
  Sigmund (D:4)
  Edmund (D:4)
  A phantom (D:4)
  The ghost of flowsnake the Slasher, an amateur CeGl of Kikubaaqudgha (D:3)
  2 orc priests (D:4)
  Natasha (thrice) (D:2)
  Terence (D:2)
  2 worker ants (D:4)
  Robin (D:2)
  5 adders
  2 oozes
  A worm (D:3)
  4 dart slugs
  A giant gecko (D:2)
  8 orcs
  10 giant cockroaches
  12 goblins
  6 hobgoblins
  17 jackals
  6 kobolds
  2 quokkas (D:3)
  2 ball pythons
  3 bats
  3 giant newts
  A quokka skeleton (D:4)
  3 rats
99 creatures vanquished.

Notes
Turn   | Place    | Note
-------+----------+-------------------------------------------
     0 | D:1      | Amnesiac the Centaur Berserker began the quest for the Orb.
     0 | D:1      | Reached XP level 1. HP: 19/19 MP: 1/1
    87 | D:1      | Reached skill level 3 in Polearms
   101 | D:1      | Reached XP level 2. HP: 15/26 MP: 2/2
   749 | D:1      | Found a sparkling altar of Nemelex Xobeh.
  1194 | D:2      | Noticed Natasha
  1211 | D:2      | Killed Natasha
  1211 | D:2      | Reached skill level 4 in Polearms
  1211 | D:2      | Reached XP level 3. HP: 31/31 MP: 3/3
  1221 | D:2      | Noticed Natasha
  1247 | D:2      | Killed Natasha
  1247 | D:2      | Reached XP level 4. HP: 23/38 MP: 4/4
  1286 | D:2      | Reached ** piety under Trog
  1322 | D:2      | Noticed Natasha
  1331 | D:2      | Killed Natasha
  1331 | D:2      | Reached skill level 5 in Polearms
  1477 | D:2      | Noticed Robin
  1496 | D:2      | Killed Robin
  1563 | D:2      | Noticed Terence
  1576 | D:2      | Killed Terence
  1576 | D:2      | Reached XP level 5. HP: 41/45 MP: 5/5
  2083 | D:3      | Reached *** piety under Trog
  2164 | D:3      | Reached skill level 6 in Polearms
  2421 | D:3      | Noticed flowsnake's ghost (amateur CeGl)
  2432 | D:3      | Killed flowsnake's ghost
  2432 | D:3      | Reached XP level 6. HP: 51/51 MP: 6/6
  2858 | D:4      | Noticed Sigmund
  2861 | D:4      | Got a warped scythe
  2868 | D:4      | Killed Sigmund
  2868 | D:4      | Reached skill level 7 in Polearms
  2894 | D:4      | Identified the +2 scythe of Hepliaklqana {drain, +Blink Int+4 Dex+3} (You found it on level 4 of the Dungeon)
  2915 | D:4      | Noticed Edmund
  2938 | D:4      | Killed Edmund
  2938 | D:4      | Reached XP level 7. HP: 42/57 MP: 7/7
  2971 | D:4      | Reached skill level 8 in Polearms
  3810 | D:4      | Noticed Eustachio
  3839 | D:4      | Killed from afar by a white imp

Vault maps used:
D:1:      scummos_arrival_simple_fountains, nemelex_diamond_rough_becter
D:2:      first_bread, uniq_robin, uniq_terence, uniq_natasha
D:3:      minmay_roachtagon
D:4:      sigmund_edmund_badplayer, uniq_eustachio

Skill      XL: |  1  2  3  4  5  6  7 |
---------------+----------------------+-----
Polearms       | 3 4 5 6 7 8 |  8.3
Fighting       | |  3.0
Armour         | |  1.3
Dodging        | |  1.3

Action                   |  1- 3 |  4- 6 |  7- 9 || total
-------------------------+-------+-------+-------++-------
Melee: Spear             |    84 |   215 |       ||   299
       Kick              |    12 |    32 |    14 ||    58
       Unarmed           |     2 |       |       ||     2
       Scythe            |       |     6 |    58 ||    64
Invok: Berserk           |     2 |     6 |     2 ||    10
  Eat: Chunk             |     1 |    11 |     3 ||    15
       Beef jerky        |     1 |       |       ||     1
Armor: Animal skin       |    18 |    58 |    17 ||    93
Dodge: Dodged            |    32 |    87 |    40 ||   159
